 Seeded DCSS version 0.30-a0-748-ge6a52f7cba (webtiles) character file.

Game seed: 11874967081545456580 (custom seed)

23 Mickster the Covered (level 2, -1/23 HPs)
             Began as a Demigod Wanderer on Feb 8, 2023.
             Killed by nerve-wracking pain
             ... invoked by Jessica
              (13 damage)
             ... on level 2 of the Dungeon.
             The game lasted 00:11:23 (743 turns).

Mickster the Covered (Demigod Wanderer)              Turns: 743, Time: 00:11:24

Health: -1/23      AC:  9    Str: 12    XL:     2   Next: 54%
Magic:  5/5        EV: 10    Int: 14    God:
Gold:   66         SH:  0    Dex: 14    Spells: 2/3 levels left

rFire   . . .      SeeInvis .    g - +2 dagger (vamp)
rCold   . . .      Faith    .    (no shield)
rNeg    . . .      Spirit   .    b - +0 ring mail
rPois   .          Reflect  .    (no helmet)
rElec   .          Harm     .    (no cloak)
rCorr   .          Rampage  .    (no gloves)
Will    .....                    (no boots)
Stlth   +                        (no amulet)
HPRegen 0.23/turn                f - +4 ring of protection
MPRegen 0.09/turn                (no ring)

@: no status effects
A: high MP 1, forlorn, divine attributes
a: no special abilities


You were on level 2 of the Dungeon.
You visited 1 branch of the dungeon, and saw 2 of its levels.

You collected 66 gold pieces.

Inventory:

Hand Weapons
 a - a +0 sling
 d - a +0 club
 g - a +2 vampiric dagger (weapon)
Missiles
 h - 4 poisoned darts (quivered)
 i - 10 stones
Armour
 b - a +0 ring mail (worn)
Jewellery
 f - a +4 ring of protection (left hand)
Scrolls
 e - 2 scrolls of silence
 k - a scroll of poison
Potions
 c - a potion of mutation
 j - a potion of ambrosia {unknown}
 l - a potion of might


   Skills:
 + Level 1.0 Fighting
 + Level 1.2 Ranged Weapons
 + Level 3.2 Armour
 + Level 1.2 Dodging
 + Level 1.0 Spellcasting
 + Level 3.0 Fire Magic


You had 2 spell levels left.
You knew the following spells:

 Your Spells              Type           Power      Damage    Failure   Level
a - Foxfire               Conj/Fire      16%        2x1d4     30%         1

Your spell library contained the following spells:

 Spells                   Type           Power      Damage    Failure   Level
 Scorch                   Fire           18%        2d6       24%         2
 Inner Flame              Hex/Fire       4%         N/A       65%         3


Dungeon Overview and Level Annotations

Branches:
Dungeon (2/15)

Shops:
D:2 =[

Annotations:
D:2 Jessica


Innate Abilities, Weirdness & Mutations

You have an increased reservoir of magic. (+10% MP)
You shall have no god before yourself.
Your divine heritage dramatically boosts your attributes as you level up.


Message History

You see here a +0 leather armour.
Found a scroll of poison.
You see here a scroll of poison.
You see here a scroll of poison.
You see here a scroll of poison.
k - a scroll of poison Jessica the Apprentice Sorceress comes into view.
She is wielding a +0 club.
Jessica shouts!
Jessica mumbles some strange words.
Jessica blinks!
Jessica gestures at you while chanting. Pain shoots through your body!
Jessica barely misses you.
You closely miss Jessica. Jessica closely misses you.
You hit Jessica but do no damage. Jessica hits you but does no damage.
You hit Jessica. You punch Jessica, but do no damage.
Jessica is heavily wounded.
Jessica gestures wildly while chanting.
Jessica blinks!
Jessica attacks as you move away! Jessica hits you with a +0 club.
You barely miss Jessica.
Jessica is heavily wounded.
Jessica casts a spell.
Jessica blinks!
Jessica grins evilly.
Jessica casts a spell at you. You resist with some effort.
You barely miss Jessica.
Jessica is heavily wounded.
Jessica hits you with a +0 club.
You closely miss Jessica.
Jessica is heavily wounded.
Jessica looks very angry.
Jessica closely misses you.
You closely miss Jessica.
Jessica is heavily wounded.
Jessica casts a spell at you. Pain shoots through your body!
Ouch! That really hurt!
You die...

#........ .. ..
#.##.#..#####. #..
#.........#... #..
####.#..##.#.#.## #...
.....#.........##
##...#####..............
...............#..#...<∩
......@..............<..
.......@.....#.#..#.....
##.........##...#.#.....
#...#########.......###
#.. ####.#### #. #.# #
#.# #.### #...####
###.....


You could see Jessica.

Vanquished Creatures
  A dart slug (D:1)
  4 ball pythons (D:1)
  2 bats (D:1)
  An endoplasm (D:2)
  A goblin (D:1)
  4 hobgoblins (D:1)
  2 kobolds (D:1)
  A quokka (D:1)
  A frilled lizard (D:1)
  A rat (D:1)
18 creatures vanquished.

Vanquished Creatures (others)
  6 foxfires (D:1)
6 creatures vanquished.

Grand Total: 24 creatures vanquished

Notes
Turn   | Place    | Note
-------+----------+-------------------------------------------
     0 | D:1      | Mickster the Demigod Wanderer began the quest for the Orb.
     0 | D:1      | Mickster set off with the following items: a +0 sling, a +0
                  | ring mail, a potion of mutation; and the following spell
                  | memorised: Foxfire; and the following spells available to
                  | memorise: Scorch, Inner Flame.
     0 | D:1      | Reached XP level 1. HP: 16/16 MP: 4/4
   168 | D:1      | Reached XP level 2. HP: 21/23 MP: 5/5
   662 | D:2      | Found Cide Noe's Armour Emporium.
   672 | D:2      | Found Zitronus's Jewellery Shop.
   724 | D:2      | Noticed Jessica
   743 | D:2      | Killed from afar by Jessica

Illustrated notes

Levels and vault maps discovered:
D:1:      wander_arrival_estate, layout_rooms, nicolae_ecumenical_snake_handling
D:2:      minmay_wonky_spiral, layout_loops_cross, serial_shops, shop,
          shop_fountains, shop, uniq_jessica

Skill      XL: |  1  2 |
---------------+-------+-----
Fire Magic     | 3 |  3.0
Armour         | 3 |  3.2
Fighting       | |  1.0
Ranged Weapons | |  1.2
Dodging        | |  1.2
Spellcasting   | |  1.0

Action                     || total
---------------------------++-------
  Melee: Club              ||    52
         Dagger            ||    10
         Punch             ||     1
   Fire: Sling             ||     8
  Throw: Stone             ||     3
         Dart              ||     2
   Cast: Foxfire           ||     4
    Use: Scroll            ||     6
         Potion            ||     1
 Armour: Ring mail         ||    55
  Dodge: Dodged            ||    43

Table legend: (Time is in decaauts)
 A = Elapsed time spent in this place.
 B = Non-inter-level travel time spent in this place.
 C = Inter-level travel time spent in this place.
 D = Time resting spent in this place.
 E = Time spent auto-exploring this place.
 F = Levels seen in this place.
 G = Mean time per level.
                   A        B        C        D        E       F      G
               +--------+--------+--------+--------+--------+-----+--------+
         Total |    760 |    710 |     50 |    106 |     77 |   2 |  380.0 |
       Dungeon |    760 |    710 |     50 |    106 |     77 |   2 |  380.0 |
               +--------+--------+--------+--------+--------+-----+--------+

Top non-repeatable levels by time:
     D:1: 680 daAuts
     D:2: 80 daAuts
